 Dungeon Crawl Stone Soup version 0.21-b1-21-g86478ac (webtiles) character file.

181 zaRGo the Magician (level 5, -2/28 HPs)
             Began as a Deep Elf Fire Elementalist on Jan 4, 2018.
             Was a Follower of Vehumet.
             Slain by Sigmund
             ... wielding a +0 scythe
              (11 damage)
             ... on level 3 of the Dungeon.
             The game lasted 00:22:14 (3845 turns).

zaRGo the Magician (Deep Elf Fire Elementalist)     Turns: 3845, Time: 00:22:15

Health: -2/28      AC:  4    Str:  5    XL:     5   Next: 34%
Magic:  5/13       EV: 13    Int: 21    God:    Vehumet [*.....]
Gold:   105        SH:  0    Dex: 15    Spells: 3/13 levels left

rFire    . . .     SeeInvis .   a - +0 blowgun
rCold    . . .     Gourm    .   (no shield)
rNeg     + . .     Faith    .   u - +2 robe {rN+}
rPois    .         Spirit   .   (no helmet)
rElec    .         Reflect  .   (no cloak)
rCorr    .         Harm     .   (no gloves)
MR       .....                  (no boots)
Stlth    ++........             (no amulet)
HPRegen  0.09/turn              (no ring)
MPRegen  0.13/turn              (no ring)

@: no status effects
A: no striking features
a: Renounce Religion


You were on level 3 of the Dungeon.
You worshipped Vehumet.
Vehumet was aware of your devotion.
You were not hungry.

You visited 1 branch of the dungeon, and saw 3 of its levels.

You collected 105 gold pieces.

Inventory:

Hand Weapons
 a - a +0 blowgun (weapon)
 y - a +2 spear of piercing
Missiles
 d - 9 sling bullets
 h - 69 stones
 l - 4 curare-tipped needles (quivered)
 r - 4 needles of sleeping
 s - a javelin
 w - 35 poisoned needles
Armour
 i - a +0 ring mail
 j - a +0 leather armour
 u - a +2 robe of positive energy (worn)
Scrolls
 e - a scroll of immolation {unknown}
 f - a scroll of enchant weapon {unknown}
 o - 2 scrolls of amnesia {unknown}
 z - 2 scrolls of remove curse
Potions
 g - 3 potions of heal wounds {unknown}
 k - 3 potions of lignification {unknown}
 m - a potion of invisibility {unknown}
 p - 3 potions of curing {unknown}
 q - a potion of berserk rage {unknown}
 t - a potion of ambrosia {unknown}
 v - 2 potions of flight {unknown}
 x - a potion of might {unknown}
Books
 b - a book of Flames

   Spells                             Type                      Level
   a - Flame Tongue                   Conjuration/Fire             1
   b - Throw Flame                    Conjuration/Fire             2
   c - Conjure Flame                  Conjuration/Fire             3
   d - Inner Flame                    Hexes/Fire                   3
   e - Sticky Flame                   Conjuration/Fire             4
   f - Fireball                       Conjuration/Fire             5
Comestibles
 c - 6 rations
 n - 2 chunks of flesh


   Skills:
 - Level 2.4 Dodging
 - Level 2.4 Stealth
 + Level 4.5 Spellcasting
 * Level 4.2 Conjurations
 + Level 4.3 Fire Magic


You had 3 spell levels left.
You knew the following spells:

 Your Spells              Type           Power        Failure   Level  Hunger
a - Flame Tongue          Conj/Fire      ###..        1%          1    None
b - Throw Flame           Conj/Fire      ###...       3%          2    #......
c - Conjure Flame         Conj/Fire      ###.....     6%          3    ##.....
d - Sticky Flame          Conj/Fire      ###.....     19%         4    ####...


Dungeon Overview and Level Annotations

Branches:
Dungeon (3/15)

Altars:
Gozag
Kikubaaqudgha
Okawaru
Vehumet

Annotations:
D:3 Sigmund


Message History

Press: ? - help, Shift-Dir - straight line You shoot a curare-tipped needle.
Something hits you but does no damage.
Casting: Conjure Flame
Confirm with . or Enter, or press ? or * to list all spells.
Aiming: Flame Tongue
Press: ? - help, Shift-Dir - straight line The flame tongue hits something.
Something hits you.
* * * LOW HITPOINT WARNING * * *
Casting: Flame Tongue
Confirm with . or Enter, or press ? or * to list all spells.
Aiming: Flame Tongue
Press: ? - help, Shift-Dir - straight line The flame tongue hits something.
Casting: Flame Tongue
Confirm with . or Enter, or press ? or * to list all spells.
Aiming: Flame Tongue
Press: ? - help, Shift-Dir - straight line
* * * LOW MAGIC WARNING * * *
Something hits you!
You die...

#.# #.# #)# # ####.######
# #.........# #
#.....###.# ######
#.....)# #.....
#.....###.######## #.....
#####.#..)......@ยง.>.####
#.....
.....###.####.####{.....#
#..... #####.#..# #.#(##.#
#>.... ..... #.#.##.#
#...). ##...# #....#.#
#..... .....# #..#...#
####.# ## ..... ##......#
#.. .###
......####...##..#######..
...+
......'................<..


There were no monsters in sight!

Vanquished Creatures
  A bullfrog skeleton (D:2)
  Jessica (D:3)
  3 adders
  An ooze (D:3)
  2 worms
  4 dart slugs
  A leopard gecko (D:2)
  An orc (D:3)
  7 giant cockroaches
  9 goblins
  6 hobgoblins
  6 jackals
  13 kobolds
  A quokka (D:3)
  2 ball pythons
  7 bats
  6 frilled lizards
  10 rats
81 creatures vanquished.

Notes
Turn   | Place    | Note
-------+----------+-------------------------------------------
     0 | D:1      | zaRGo the Deep Elf Fire Elementalist began the quest for the Orb.
     0 | D:1      | Reached XP level 1. HP: 10/10 MP: 6/6
   377 | D:1      | Reached XP level 2. HP: 15/15 MP: 6/8
   837 | D:1      | Learned a level 2 spell: Throw Flame
  1216 | D:1      | Reached XP level 3. HP: 19/19 MP: 7/10
  1714 | D:2      | Learned a level 3 spell: Conjure Flame
  1827 | D:2      | Found an ancient bone altar of Kikubaaqudgha.
  1827 | D:2      | Found an opulent altar of Gozag.
  1832 | D:2      | Found an iron altar of Okawaru.
  1834 | D:2      | Found a radiant altar of Vehumet.
  1836 | D:2      | Found a faded altar of an unknown god.
  1840 | D:2      | Became a worshipper of Vehumet
  2220 | D:2      | Reached XP level 4. HP: 11/24 MP: 0/11
  3134 | D:3      | Noticed Jessica
  3137 | D:3      | Killed Jessica
  3137 | D:3      | Reached XP level 5. HP: 28/28 MP: 7/13
  3230 | D:3      | Learned a level 4 spell: Sticky Flame
  3311 | D:3      | Reached * piety under Vehumet
  3311 | D:3      | Offered knowledge of Shock by Vehumet.
  3814 | D:3      | Noticed Sigmund
  3845 | D:3      | Slain by Sigmund

Skill      XL: |  1  2  3  4 |
---------------+-------------+-----
Conjurations   | 2 3 4 |  4.2
Spellcasting   | 4 |  4.5
Fire Magic     | 4 |  4.3
Dodging        | |  2.4
Stealth        | |  2.4

Action                   |  1- 3 |  4- 6 || total
-------------------------+-------+-------++-------
 Fire: Blowgun           |       |     7 ||     7
Throw: Stone             |    34 |     4 ||    38
       Javelin           |    18 |    13 ||    31
 Cast: Flame Tongue      |    72 |    39 ||   111
       Conjure Flame     |     1 |     6 ||     7
       Throw Flame       |       |     5 ||     5
  Use: Scroll            |     1 |     1 ||     2
  Eat: Chunk             |     4 |     5 ||     9
Armor: Robe              |     7 |     1 ||     8
Dodge: Dodged            |    13 |     2 ||    15
